 Dungeon Crawl Stone Soup version 0.21.1-1-g345015fe64 (webtiles) character file.

608 DarkMoon the Changer (level 7, -4/59 HPs)
             Began as a Yellow Draconian Transmuter on Apr 21, 2018.
             Slain by a hippogriff (9 damage)
             ... on level 7 of the Dungeon.
             The game lasted 00:13:20 (4762 turns).

DarkMoon the Changer (Yellow Draconian Transmuter)  Turns: 4762, Time: 00:13:22

Health: -4/59      AC:  7    Str: 12    XL:     7   Next: 19%
Magic:  15/20      EV: 13    Int: 16    God:
Gold:   234        SH:  0    Dex: 11    Spells: 1/12 levels left

rFire    . . .     SeeInvis .     - Unarmed
rCold    . . .     Gourm    .   (no shield)
rNeg     . . .     Faith    .   (armour unavailable)
rPois    .         Spirit   .   (helmet restricted)
rElec    .         Reflect  .   y - +0 cloak
rCorr    +         Harm     .   (no gloves)
MR       .....                  (no boots)
Stlth    +.........             (no amulet)
HPRegen  0.19/turn              g - ring of magical power
MPRegen  0.17/turn              (no ring)

@: very slightly contaminated
A: spit acid, acid resistance, unfitting armour, cold-blooded, AC +6
a: Breathe Acid


You were on level 7 of the Dungeon.
You were not hungry.

You visited 2 branches of the dungeon, and saw 7 of its levels.

You collected 283 gold pieces.
You spent 49 gold pieces at shops.

Inventory:

Hand Weapons
 u - a +0 blowgun
Missiles
 a - 78 arrows
 v - 21 poisoned needles
Armour
 y - a +0 cloak (worn)
 C - a +0 buckler
Jewellery
 g - a ring of magical power (left hand)
 o - an uncursed ring of ice {unknown}
Wands
 n - a wand of flame (8)
 r - a wand of random effects (17)
Scrolls
 d - 5 scrolls of teleportation {unknown}
 f - 5 scrolls of remove curse {unknown}
 i - 6 scrolls of identify {unknown}
 k - a scroll of amnesia {unknown}
 l - a scroll of enchant armour {unknown}
 m - a scroll of enchant weapon {unknown}
 s - a scroll of noise {unknown}
 t - 2 scrolls of blinking {unknown}
 x - 3 scrolls of fog {unknown}
 A - a scroll of random uselessness {unknown}
 B - a scroll of immolation {unknown}
Potions
 e - a potion of invisibility {unknown}
 h - a potion of mutation {unknown}
 j - 2 potions of brilliance {unknown}
 p - a potion of flight {unknown}
 q - a potion of curing {unknown}
 w - a potion of resistance {unknown}
 z - a potion of lignification {unknown}
Books
 b - a book of Changes

   Spells                             Type                      Level
   a - Beastly Appendage              Transmutation                1
   b - Sticks to Snakes               Transmutation                2
   c - Spider Form                    Transmutation/Poison         3
   d - Ice Form                       Ice/Transmutation            4
   e - Blade Hands                    Transmutation                5
Comestibles
 c - 4 rations
 D - 4 chunks of flesh


   Skills:
 - Level 4.1 Fighting
 - Level 3.0 Dodging
 - Level 1.0 Stealth
 + Level 4.4 Unarmed Combat
 - Level 3.0 Spellcasting
 + Level 4.5 Transmutations
 - Level 1.0 Poison Magic


You had one spell level left.
You knew the following spells:

 Your Spells              Type           Power        Failure   Level  Hunger
a - Beastly Appendage     Tmut           ###...       3%          1    #......
b - Blade Hands           Tmut           ###.......   63%         5    ######.
c - Spider Form           Tmut/Pois      ##........   19%         3    ###....
s - Sticks to Snakes      Tmut           ###.....     4%          2    ##.....


Dungeon Overview and Level Annotations

Branches:
Dungeon (7/15)             Temple (1/1) D:5

Altars:
Ashenzari
Cheibriados
Dithmenos
Elyvilon
Fedhas
Hepliaklqana
Makhleb
Okawaru
Qazlal
Ru
Trog
Uskayaw
Vehumet
Xom
Yredelemnul
Zin
The Shining One

Shops:
D:4 =

Annotations:
D:7 exclusion: killer bee


Innate Abilities, Weirdness & Mutations

You can spit globs of acid.
You are resistant to acid.
Your golden yellow scales are hard. (AC +6)
You cannot fit into any form of body armour.
You are cold-blooded and may be slowed by cold attacks.


Message History

The hippogriff claws you.
* * * LOW HITPOINT WARNING * * *
You hit the hippogriff but do no damage.
The hippogriff is almost dead.
The hippogriff closely misses you. The hippogriff misses you.
The hippogriff claws you.
* * * LOW HITPOINT WARNING * * *
You hit the hippogriff. Your headbutt misses the hippogriff.
The hippogriff is almost dead.
Your horns disappear.
The hippogriff bites you.
* * * LOW HITPOINT WARNING * * *
The hippogriff closely misses you. The hippogriff barely misses you.
You hit the hippogriff.
The hippogriff is almost dead.
You have got your breath back.
The hippogriff closely misses you. The hippogriff pecks you.
* * * LOW HITPOINT WARNING * * *
The hippogriff claws you!
You die...

#...##<#..
#......$.#
#........#
###........#
..........#
#........#
#........#####
#..@H....#...#
#####........#...#
#.....######.....#
#..........#.....#
#.....####.#.....##
#..........###....#
##.....##.......#.#
####..##.#####รท#.##
#...#....##...)#


You could see a hippogriff.

Vanquished Creatures
  A centaur (D:5)
  A howler monkey (D:4)
  7 orc wizards
  Crazy Yiuf (D:3)
  An iguana (D:4)
  A worker ant (D:4)
  4 gnolls (D:4)
  2 adders
  A shadow imp (D:4)
  An ooze (D:3)
  A worm (D:4)
  6 dart slugs
  2 leopard geckos
  22 orcs
  A ball python (D:3)
  9 bats
  3 giant cockroaches
  5 goblins
  7 hobgoblins
  6 jackals (D:1)
  3 quokkas
  6 frilled lizards
  7 kobolds
  A leopard gecko skeleton (D:4)
  A leopard gecko zombie (D:5)
  7 rats
107 creatures vanquished.

Vanquished Creatures (collateral kills)
  2 adders (D:3)
  A bat (D:3)
3 creatures vanquished.

Grand Total: 110 creatures vanquished

Notes
Turn   | Place    | Note
-------+----------+-------------------------------------------
     0 | D:1      | DarkMoon the Draconian Transmuter began the quest for the Orb.
     0 | D:1      | Reached XP level 1. HP: 16/16 MP: 3/3
   111 | D:1      | Reached XP level 2. HP: 21/24 MP: 3/5
   118 | D:1      | Learned a level 2 spell: Sticks to Snakes
   641 | D:1      | Reached XP level 3. HP: 20/30 MP: 6/6
   646 | D:1      | Learned a level 3 spell: Spider Form
  1863 | D:3      | Reached skill level 1 in Stealth
  1869 | D:3      | Reached XP level 4. HP: 19/38 MP: 7/7
  2197 | D:3      | Reached skill level 1 in Poison Magic
  2197 | D:3      | Reached XP level 5. HP: 32/46 MP: 8/8
  2864 | D:3      | Found a sacrificial altar of Ru.
  3025 | D:3      | Reached XP level 6. HP: 50/52 MP: 10/10
  3388 | D:3      | Found a runed door.
  3392 | D:3      | Noticed Crazy Yiuf
  3402 | D:3      | Killed Crazy Yiuf
  3652 | D:4      | Found Hacudy's Jewellery Boutique.
  3663 | D:4      | Bought a cursed ring of teleportation for 49 gold pieces
  3674 | D:4      | Noticed an angel
  3675 | D:4      | Found a shimmering altar of Xom.
  3675 | D:4      | Found a glowing silver altar of Zin.
  3761 | D:4      | Learned a level 5 spell: Blade Hands
  4099 | D:5      | Entered Level 5 of the Dungeon
  4338 | D:5      | Found a staircase to the Ecumenical Temple.
  4400 | Temple   | Entered the Ecumenical Temple
  4422 | D:5      | Your scales start taking on a golden yellow colour.
  4422 | D:5      | Reached XP level 7. HP: 35/59 MP: 11/11
  4651 | D:5      | You fall through a shaft for 2 floors!
  4651 | D:7      | Noticed a hippogriff
  4762 | D:7      | Slain by a hippogriff

Skill      XL: |  1  2  3  4  5  6 |
---------------+-------------------+-----
Fighting       | 2 3 4 |  4.1
Dodging        | 2 3 |  3.0
Stealth        | 1 |  1.0
Transmutations | 3 4 |  4.5
Poison Magic   | 1 |  1.0
Spellcasting   | 3 |  3.0
Unarmed Combat | 4 |  4.4

Action                   |  1- 3 |  4- 6 |  7- 9 || total
-------------------------+-------+-------+-------++-------
Melee: Unarmed           |   144 |   228 |    41 ||   413
       Kick              |    13 |     8 |       ||    21
       Tailslap          |    14 |     7 |     3 ||    24
       Headbutt          |     3 |     6 |     1 ||    10
       Punch             |     3 |     2 |     1 ||     6
 Cast: Beastly Appendage |    27 |    25 |     3 ||    55
       Spider Form       |     1 |    13 |     1 ||    15
       Sticks to Snakes  |       |     2 |       ||     2
 Abil: Breathe Acid      |       |       |     1 ||     1
 Stab: Sleeping          |     1 |     2 |       ||     3
  Eat: Chunk             |     4 |    10 |     2 ||    16
Armor: Skin              |    34 |    46 |    18 ||    98
Dodge: Dodged            |   107 |   187 |    39 ||   333
